 Dungeon Crawl Stone Soup version 0.30-a0-777-ga9a30cbeda (console) character file.

Game seed: 15049628200143556011

11 rlgrobin the Covered (level 2, -7/26 HPs)
             Began as an Armataur Fighter on Feb 15, 2023.
             Was an Initiate of Okawaru.
             Killed by nerve-wracking pain
             ... invoked by Menkaure
              (9 damage)
             ... on level 4 of the Dungeon.
             The game lasted 00:02:15 (350 turns).

rlgrobin the Covered (Armataur Fighter)              Turns: 350, Time: 00:02:16

Health: -7/26      AC:  7    Str: 21    XL:     2   Next: 17%
Magic:  2/2        EV:  7    Int:  8    God:    Okawaru [......]
Gold:   43         SH:  4    Dex:  9    Spells: 1/1 levels left

rFire   . . .      SeeInvis .    a - +0 flail
rCold   + . .      Faith    .    c - +0 buckler
rNeg    . . .      Spirit   .    e - +1 scale mail {rC+}
rPois   .          Reflect  .    (no helmet)
rElec   .          Harm     .    (no cloak)
rCorr   .          Roll     +    (no gloves)
Will    .....                    (no barding) Stlth
                                 (no amulet)
HPRegen 0.24/turn                (no ring)
MPRegen 0.08/turn                (no ring)

@: no status effects
A: large, rugged brown scales 3, deformed body, armoured tail, roll, long
tongue, awkward tongue
a: Renounce Religion


You were on level 4 of the Dungeon.
You worshipped Okawaru.
Okawaru was noncommittal.
You visited 2 branches of the dungeon, and saw 5 of its levels.

You collected 43 gold pieces.

Inventory:

Hand Weapons
 a - a +0 flail (weapon)
Missiles
 h - 2 poisoned darts (quivered)
Armour
 c - a +0 buckler (worn)
 e - a +1 scale mail of cold resistance (worn)
Scrolls
 f - a scroll of poison {unknown}
 g - a scroll of magic mapping {unknown}
Potions
 b - a potion of heal wounds {unknown}
 d - a potion of might
 i - a potion of haste {unknown}


   Skills:
 - Level 2.6 Fighting
 + Level 2.6 Maces & Flails
 - Level 3.6 Armour
 - Level 3.2 Shields


You had one spell level left.
You didn't know any spells.
Your spell library was empty.

Dungeon Overview and Level Annotations

Branches:
Dungeon (4/15)             Temple (1/1) D:4

Altars:
Cheibriados
Kikubaaqudgha
Makhleb
Nemelex Xobeh
Okawaru
Qazlal
Ru
Trog
Vehumet
Yredelemnul
Zin
The Shining One

Annotations:
D:4 Menkaure


Innate Abilities, Weirdness & Mutations

You are completely covered in rugged brown scales. (AC +3, +7% HP)
Armour fits poorly on your strangely shaped body.
You have a long armoured tail.
You roll when moving toward enemies. (Rampage)
Your long tongue fully drains potion bottles. (2x potion effects)
Your tongue gives you trouble enunciating. (1.5x scroll delay)


Message History

Found a glowing silver altar of Zin.
There is a staircase back to the Dungeon here.
You climb upwards.
Welcome back to the Dungeon!
The goblin shouts!
There is a staircase to the Ecumenical Temple here.
The goblin hits you with a +0 club.
You sock the goblin!
You kill the goblin!
Okawaru accepts your kill.
You see here a +0 club.
Found an escape hatch in the ceiling.
Found a war axe.
A ball python comes into view.
The ball python hisses angrily.
You roll towards the ball python!
You roll towards the ball python!
Menkaure, Prince of Dust comes into view.
You thump the ball python!
You kill the ball python!
Okawaru accepts your kill.
Menkaure shouts!
Menkaure mumbles some strange words.
Menkaure seems to speed up.
Menkaure calls on the powers of darkness!
Your body is wracked with pain!
Menkaure mumbles a few words.
Menkaure points at you and mumbles some strange words.
Pain shoots through your body!
Menkaure gestures at you while chanting.
Pain shoots through your body!
* * * LOW HITPOINT WARNING * * *
Menkaure gestures at you while chanting.
Pain shoots through your body!
* * * LOW HITPOINT WARNING * * *
Menkaure calls on the powers of darkness!
You feel a surge of unholy energy. Menkaure breathes soot at you.
Menkaure points at you and mumbles some strange words.
Pain shoots through your body!
You die...

.........#.#.........#.....#
.8.<..........#.#.#.###.....
......................##...#
.8............#..#.....#...#
.).#.......8.#.............#
...#.......M................
.......8...8..........#.#..
.............##....<(##.##..
.......8.8......@..)........
..##...............#.....##.
.....8.8.................#
..#...............8.8.8.....
###.........................
##..................8.....
#........................
##.............(.........
####.......#.........


You could see Menkaure (fast).

Vanquished Creatures
  A worm (D:4)
  2 goblins (D:4)
  3 ball pythons
  A kobold (D:4)
  3 rats (D:2)
10 creatures vanquished.

Notes
Turn   | Place    | Note
-------+----------+-------------------------------------------
     0 | D:1      | rlgrobin the Armataur Fighter began the quest for the Orb.
     0 | D:1      | Reached XP level 1. HP: 19/19 MP: 1/1
   231 | D:4      | Reached XP level 2. HP: 15/26 MP: 2/2
   243 | D:4      | Found a staircase to the Ecumenical Temple.
   252 | Temple   | Entered the Ecumenical Temple
   301 | Temple   | Became a worshipper of Warmaster Okawaru
   331 | D:4      | Noticed Menkaure
   343 | D:4      | HP: 1/26 [Menkaure/nerve-wracking pain (5)]
   350 | D:4      | Killed from afar by Menkaure

Illustrated notes

Levels and vault maps discovered:
D:1:      nicolae_arrival_somewhat_less_tricky_arrival, layout_loops_ring
D:2:      layout_basic
D:3:      layout_rooms, grunt_gozag_statues, shapermc_ecumenical_altar_venn,
          uniq_terence
D:4:      layout_cave_pools, minmay_temple_entry_sparse_star,
          serial_column_ruins, column_ruins_hut_ruined, column_ruins_grid_4,
          column_ruins_grid_3, column_ruins_open_small, column_ruins_grid_2,
          column_ruins_columns_corner, column_ruins_open_small, uniq_menkaure,
          uniq_duvessa
Temple:   nicolae_temple_bog_church

Skill      XL: |  1 |
---------------+----+-----
Maces & Flails | 2 |  2.6
Fighting       | |  2.6
Armour         | |  3.6
Shields        | |  3.2

Action                     || total
---------------------------++-------
  Melee: Flail             ||    25
         Tailslap          ||     5
 Armour: Scale mail        ||    10
  Dodge: Dodged            ||     6
  Block: Buckler           ||     4

Table legend: (Time is in decaauts)
 A = Elapsed time spent in this place.
 B = Non-inter-level travel time spent in this place.
 C = Inter-level travel time spent in this place.
 D = Time resting spent in this place.
 E = Time spent auto-exploring this place.
 F = Levels seen in this place.
 G = Mean time per level.
                   A        B        C        D        E       F      G
               +--------+--------+--------+--------+--------+-----+--------+
         Total |    357 |    357 |      0 |      0 |      0 |   5 |   71.4 |
       Dungeon |    291 |    291 |      0 |      0 |      0 |   4 |   72.8 |
        Temple |     65 |     65 |      0 |      0 |      0 |   1 |   65.0 |
               +--------+--------+--------+--------+--------+-----+--------+

Top non-repeatable levels by time:
     D:1: 95 daAuts
     D:2: 89 daAuts
     D:4: 76 daAuts
  Temple: 65 daAuts
     D:3: 29 daAuts
